 Dungeon Crawl Stone Soup version 0.15.0-12-gccce430 (webtiles) character file.

9783 Kex the Grappler (level 11, -4/111 HPs)
             Began as a Troll Monk on Sept 2, 2014.
             Was a Priest of the Shining One.
             Slain by Sonja
             ... wielding a +0 short sword of distortion
              (13 damage)
             ... on Level 11 of the Dungeon.
             The game lasted 00:59:28 (8481 turns).

Kex the Grappler (Troll Monk)                       Turns: 8481, Time: 00:59:31

HP  -4/111       AC 15     Str 26      XL: 11   Next: 27%
MP   4/4         EV 15     Int  6      God: the Shining One [***...]
Gold 387         SH  0     Dex 15      Spells:  0 memorised, 10 levels left

rFire  . . .     SeeInvis .       - Unarmed
rCold  . . .     Clarity  .     a - +1 robe (curse)
rNeg   + . .     rCorr    .     (shield restricted)
rPois  .         rRot     .     E - +2 hat
rElec  .         Spirit   .     m - +2 cloak
SustAb .         Warding  .     (gloves unavailable)
rMut   .         Stasis   .     (boots unavailable)
Gourm  +                        (no amulet)
MR     .....                    (no ring)
                                f - +4 ring of protection

@: mighty, about to teleport, short of breath, very slightly contaminated,
hasted and slowed, glowing, drained, not resistant to hostile enchantments, very
unstealthy
A: unfitting armour, claws 3, fast metabolism 3, gourmand, regeneration 2,
saprovore 2, shaggy fur 1, tough skin 2, forlorn
a: Divine Shield, Renounce Religion


You were on level 11 of the Dungeon.
You worshipped the Shining One.
The Shining One was most pleased with you.
You were very full.

You visited 2 branches of the dungeon, and saw 12 of its levels.
You also visited: Sewer.

You collected 585 gold pieces.
You spent 198 gold pieces at shops.

Inventory:

Hand weapons
 c - a +0 short sword of freezing
 i - a +1 dagger of flaming
 w - a cursed +3 long sword
 z - a +1 flail of protection
Armour
 a - a cursed +1 robe (worn)
 m - a +2 cloak (worn)
 E - a +2 hat (worn)
Magical devices
 g - a wand of digging (24)
 k - a wand of fireball (4) {unknown}
 s - a wand of flame (12) {unknown}
 y - a wand of frost (16)
Comestibles
 b - 4 meat rations
 d - 2 beef jerkies
 p - 3 bread rations
 r - 2 royal jellies
 t - a fruit
 G - a rotting chunk of human flesh
 J - a chunk of porcupine flesh
 K - 6 rotting chunks of yak flesh
 L - 5 rotting chunks of yak flesh
Scrolls
 e - 3 scrolls of remove curse
 h - a scroll of amnesia
 l - 2 scrolls of enchant armour
 q - 2 scrolls of recharging
 A - a scroll of identify
 B - a scroll of enchant weapon
Jewellery
 f - a +4 ring of protection (left claw)
 D - the ring "Leiklogi" {+Fly rElec Dex+3, unknown}
   (You found it on level 9 of the Dungeon)

   [ring of dexterity]

   It affects your dexterity (+3).
   It insulates you from electricity.
   It lets you fly.
Potions
 j - 4 potions of brilliance
 n - a potion of heal wounds
 o - a potion of haste
 u - 2 potions of curing
 v - 4 potions of flight
 x - a potion of invisibility {unknown}
 H - a potion of magic
 I - a potion of porridge
Books
 F - a book of Summonings

   Spells                             Type                      Level
   Abjuration                         Summoning                    3
   Recall                             Summoning/Translocation      3
   Shadow Creatures                   Summoning                    5
   Summon Demon                       Summoning                    5
   Summon Forest                      Summoning/Translocation      5
   Monstrous Menagerie                Summoning                    6


   Skills:
 + Level 8.1(8.0) Fighting
 + Level 8.9(8.8) Dodging
 + Level 2.8(2.7) Stealth
 + Level 11.4(11.2) Unarmed Combat


You had 10 spell levels left.
You didn't know any spells.

Dungeon Overview and Level Annotations

Branches:
Dungeon (11/15)            Temple (1/1) D:4            Lair (0/8) D:11
    Orc: D:9-12

Altars:
Cheibriados
Kikubaaqudgha
Makhleb
Nemelex Xobeh
Okawaru
Qazlal
Sif Muna
Trog
Vehumet
Xom
Yredelemnul
Zin
The Shining One

Shops:
D:4 *   D:6 ?

Annotations:
D:11 Sonja


Innate Abilities, Weirdness & Mutations

You are too large for most types of armour.
You have claws for hands.
Your metabolism is lightning-fast.
You like to eat raw meat.
You heal very quickly.
You can eat rotten meat.
You are covered in fur (AC +1).
You have very tough skin (AC +2).
You have difficulty communicating with the divine.


Message History

Sonja hits you with an uncursed short sword of distortion!
Space warps horribly around you!
* * * LOW HITPOINT WARNING * * *
Sonja closely misses you.
Sonja hits you with an uncursed short sword of distortion.
* * * LOW HITPOINT WARNING * * *
Space warps horribly around you!
* * * LOW HITPOINT WARNING * * *
You are too injured to fight recklessly!
You completely miss Sonja.
Sonja is almost dead.
Sonja casts a spell.
Sonja looks slightly unstable.
You miss Sonja. Your punch misses Sonja.
Sonja is almost dead.
Sonja closely misses you. Sonja hits you but does no damage.
Space bends around you.
* * * LOW HITPOINT WARNING * * *
Sonja hits you but does no damage. Space warps horribly around you!
You die...

............................#
............................#
........K...................#
.........................))##
................>..........#
..........................##
..........................#
.........................##
...............@K......##
.............(........#
....##..####..(......## ....
#.# ##...(....## #..##.#
#.........#
#..#..###..###..((##
#......#..# #...###
#........# ##.....###.
#........####...........


You could see Sonja (bleeding).

Vanquished Creatures
  Harold (D:11)
  An unseen horror (D:11)
  A hill giant (D:10)
  Grinder (D:3)
  A komodo dragon (D:11)
  A basilisk (D:11)
  A troll (D:10)
  A hungry ghost (D:7)
  A wyvern (D:9)
  A hippogriff (D:10)
  8 yaks (D:11)
  Menkaure (D:7)
  4 porcupines (D:11)
  A soldier ant (D:11)
  2 orc warriors
  2 phantoms (D:4)
  3 sky beasts
  An ice beast (D:9)
  A black bear (D:9)
  6 ogres
  2 centaurs (D:8)
  6 giant frogs
  3 yak zombies (D:11)
  4 scorpions
  9 killer bees
  21 wights
  4 crimson imps
  3 goliath beetles
  4 hounds
  6 orc priests
  A soldier ant zombie (D:10)
  3 jellies
  Crazy Yiuf (D:4)
  An elf skeleton (D:7)
  A giant frog skeleton (D:8)
  4 iguanas
  6 orc wizards
  Natasha (twice) (D:3)
  10 worker ants
  A porcupine zombie (D:11)
  An ogre skeleton (D:7)
  An ogre zombie (D:5)
  Terence (D:2)
  2 hound zombies
  A mummy (D:11)
  A worker ant zombie (D:11)
  15 adders
  3 green rats
  A shadow imp (D:11)
  3 gnolls (D:6)
  An inept item mimic (D:2)
  2 worms
  4 giant geckos
  2 oozes
  25 orcs
  4 ball pythons
  19 bats
  9 giant cockroaches
  12 hobgoblins
  3 jackals (D:1)
  15 kobolds
  4 quokkas
  5 giant newts
  13 goblins
  2 jackal skeletons (D:4)
  2 orc zombies
  A quokka zombie (D:8)
  45 rats
  3 ballistomycetes (D:9)
331 creatures vanquished.

Vanquished Creatures (others)
  2 giant spores (D:9)
2 creatures vanquished.

Grand Total: 333 creatures vanquished

Notes
Turn   | Place    | Note
--------------------------------------------------------------
     0 | D:1      | Kex, the Troll Monk, began the quest for the Orb.
     0 | D:1      | Reached XP level 1. HP: 22/22 MP: 1/1
   127 | D:1      | Reached XP level 2. HP: 29/29 MP: 1/1
   749 | D:2      | Reached XP level 3. HP: 36/36 MP: 2/2
  1007 | D:2      | Noticed Terence
  1016 | D:2      | Killed Terence
  1016 | D:2      | Reached XP level 4. HP: 42/44 MP: 2/2
  1628 | D:3      | Noticed Grinder
  1628 | D:3      | Noticed an ogre
  1635 | D:3      | Killed an ogre
  1635 | D:3      | Reached skill level 5 in Unarmed Combat
  1635 | D:3      | Reached XP level 5. HP: 51/53 MP: 2/2
  1639 | D:3      | Paralysed by Grinder for 2 turns
  1648 | D:3      | Killed Grinder
  1648 | D:3      | Reached XP level 6. HP: 32/61 MP: 3/3
  1702 | D:3      | Noticed Natasha
  1713 | D:3      | Killed Natasha
  1773 | D:3      | Noticed Natasha
  2042 | D:3      | Reached XP level 7. HP: 52/68 MP: 3/3
  2343 | D:3      | Killed Natasha
  2378 | D:4      | Reached skill level 6 in Unarmed Combat
  2690 | D:4      | Found Tynutyosch's Assorted Antiques.
  2745 | D:4      | Reached XP level 8. HP: 46/79 MP: 3/3
  2764 | D:4      | Found a staircase to the Ecumenical Temple.
  2851 | D:4      | Reached skill level 5 in Fighting
  2886 | D:4      | Reached skill level 7 in Unarmed Combat
  2970 | D:4      | Noticed a moth of wrath
  2972 | D:4      | Found a bloodstained altar of Trog.
  3080 | D:4      | Found a glowing drain.
  3091 | Sewer    | Entered a sewer
  3238 | Sewer    | Gained mutation: You have difficulty communicating with the divine. [potion of mutation]
  3238 | Sewer    | Gained mutation: You can spit poison. [potion of mutation]
  3238 | Sewer    | Lost mutation: You can spit poison. [potion of mutation]
  3301 | D:4      | Noticed Crazy Yiuf
  3305 | D:4      | Killed Crazy Yiuf
  3305 | D:4      | Reached skill level 5 in Dodging
  3494 | Temple   | Entered the Ecumenical Temple
  3509 | Temple   | Became a worshipper of the Shining One
  3509 | Temple   | Acquired the Shining One's first power
  3509 | Temple   | Acquired the Shining One's second power
  3556 | D:5      | Entered Level 5 of the Dungeon
  3720 | D:4      | Bought a small brass amulet for 120 gold pieces
  4633 | D:6      | Reached XP level 9. HP: 60/89 MP: 4/4
  4647 | D:6      | Reached skill level 8 in Unarmed Combat
  5009 | D:6      | Found Khugritecui's Magic Scroll Boutique.
  5018 | D:6      | Bought a scroll of identify for 26 gold pieces
  5018 | D:6      | Bought a scroll of identify for 26 gold pieces
  5018 | D:6      | Bought a scroll of identify for 26 gold pieces
  5249 | D:7      | Found a radiant altar of Vehumet.
  5470 | D:7      | Noticed Menkaure
  5486 | D:7      | Killed Menkaure
  5694 | D:7      | Reached skill level 9 in Unarmed Combat
  6159 | D:8      | Reached XP level 10. HP: 100/100 MP: 4/4
  6351 | D:9      | Got a shimmering silver ring
  7005 | D:10     | Entered Level 10 of the Dungeon
  7152 | D:10     | Reached skill level 10 in Unarmed Combat
  7294 | D:10     | Noticed a hill giant
  7304 | D:10     | Killed a hill giant
  8038 | D:11     | Noticed Harold
  8053 | D:11     | Killed Harold
  8229 | D:11     | Reached XP level 11. HP: 101/111 MP: 4/4
  8238 | D:11     | Reached skill level 11 in Unarmed Combat
  8260 | D:11     | Noticed an unseen horror
  8275 | D:11     | Killed an unseen horror
  8312 | D:11     | Found a staircase to the Lair.
  8456 | D:11     | Noticed Sonja
  8459 | D:11     | Noticed a four-headed hydra
  8481 | D:11     | Slain by Sonja

Action                   |  1- 3 |  4- 6 |  7- 9 | 10-12 || total
-------------------------+-------+-------+-------+-------++-------
Melee: Unarmed           |    95 |    97 |   484 |   261 ||   937
  Use: Scroll            |     1 |     6 |    14 |     3 ||    24
       Potion            |     1 |       |     9 |     5 ||    15
 Stab: Sleeping          |       |       |     1 |     1 ||     2
  Eat: Chunk             |    12 |    11 |    38 |    22 ||    83
